 Dungeon Crawl Stone Soup version 0.19.1 (webtiles) character file.

25 Gargo the Digger (level 3, -3/19 HPs)
             Began as a Gargoyle Earth Elementalist on Dec 5, 2016.
             Shot with a stone by a goblin (4 damage)
             ... on level 2 of the Dungeon.
             The game lasted 00:03:37 (1136 turns).

Gargo the Digger (Gargoyle Earth Elementalist)      Turns: 1136, Time: 00:03:38

Health: -3/19      AC:  5    Str: 11    XL:     3   Next: 6%
Magic:  1/7        EV: 12    Int: 16    God:
Gold:   36         SH:  0    Dex: 10    Spells: 2 memorised, 3 levels left

rFire  . . .     SeeInvis .     a - -1 short sword (curse)
rCold  . . .     Gourm    .     c - +0 robe
rNeg   + . .     Faith    .     (no shield)
rPois  ∞         Spirit   .     (no helmet)
rElec  +         Reflect  .     (no cloak)
rCorr  .         Harm     .     (no gloves)
MR     .....                    (no boots)
Stlth  ++........               (no amulet)
                                (no ring)
                                (no ring)

@: very slightly contaminated
A: negative energy resistance 1, electricity resistance, unbreathing,
petrification resistance, rot immunity, AC +3
a: no special abilities


You were on level 2 of the Dungeon.
You were not hungry.

You visited 1 branch of the dungeon, and saw 2 of its levels.

You collected 36 gold pieces.

Inventory:

Hand Weapons
 a - a cursed -1 short sword (weapon)
 i - a +0 club
Missiles
 b - 40 stones (quivered)
Armour
 c - a +0 robe (worn)
Scrolls
 f - a scroll of amnesia {unknown}
Potions
 g - a potion of heal wounds {unknown}
 j - a potion of lignification {unknown}
Books
 e - a book of Geomancy

   Spells                             Type                      Level
   a - Sandblast                      Earth                        1
   b - Passwall                       Transmutation/Earth          2
   c - Stone Arrow                    Conjuration/Earth            3
   d - Petrify                        Transmutation/Earth          4
   e - Lee's Rapid Deconstruction     Earth                        5
Comestibles
 d - a bread ration
 h - 3 chunks of flesh


   Skills:
 - Level 1.5 Dodging
 - Level 2.1 Stealth
 * Level 2.8 Spellcasting
 + Level 0.0 Conjurations
   Level 0.7 Transmutations
 + Level 4.2 Earth Magic


You had 3 spell levels left.
You knew the following spells:

 Your Spells              Type           Power        Failure   Level  Hunger
a - Sandblast             Erth           ###...       4%          1    #......
A - Stone Arrow           Conj/Erth      #.....       28%         3    ###....


Dungeon Overview and Level Annotations

Branches:
Dungeon (2/15)

Altars:

Annotations:
D:2 Sigmund


Innate Abilities, Weirdness & Mutations

You are resistant to torment.
Your stone body is resilient. (AC +3)
You are immune to poison.
You resist negative energy. (rN+)
You are resistant to electric shocks. (rElec)
You can survive without breathing.
You are immune to petrification.
You are immune to rotting.


Message History

The blast of sand hits the gnoll.
The gnoll is almost dead.
The gnoll misses you.
Casting: Sandblast
Confirm with . or Enter, or press ? or * to list all spells.
You can't see any susceptible monsters within range! (Use Z to cast anyway.)
The goblin shouts!
You hear a shout!
The goblin wields a hunting sling.
The goblin shoots a stone.
The stone misses you.
Found a red potion.
You see here a stone.
Casting: Sandblast
Confirm with . or Enter, or press ? or * to list all spells.
Aiming: Sandblast
Press: ? - help, Shift-Dir - straight line, f - goblin
Aim: a goblin, wielding a hunting sling You miscast Sandblast.
You are very lightly contaminated with residual magic.
Nothing appears to happen.
The goblin shoots a stone.
The stone hits you.
You die...

#.... .. .##....#####)..
...............### ####
##..@.@...$...... .....
#.........# #r. ....! ##.##.#
#.#.... #<....#.###.#..####
.#. #........g......... ..
%.......###@#...### .#
..##############.#.....####.##
...$......g.Sg......##.......#
################.#...#.......#
#.............#
###.......<...# #####.......#
...........# ####.......#


You could see a goblin and a rat.

Vanquished Creatures
  An ooze (D:2)
  2 bats (D:1)
  A giant cockroach (D:1)
  5 goblins (D:1)
  2 hobgoblins (D:1)
  3 frilled lizards (D:1)
  3 kobolds (D:1)
  4 rats (D:1)
21 creatures vanquished.

Notes
Turn   | Place    | Note
-------+----------+-------------------------------------------
     0 | D:1      | Gargo the Gargoyle Earth Elementalist began the quest for the Orb.
     0 | D:1      | Reached XP level 1. HP: 10/10 MP: 3/3
   198 | D:2      | Noticed Sigmund
   258 | D:1      | Reached XP level 2. HP: 15/15 MP: 3/5
   419 | D:1      | Reached skill level 4 in Earth Magic
   843 | D:1      | Reached XP level 3. HP: 17/19 MP: 2/7
   848 | D:1      | Learned a level 3 spell: Stone Arrow
  1136 | D:2      | Shot with a stone by a goblin

Skill      XL: |  1  2 |
---------------+-------+-----
Earth Magic    | 4 |  4.2
Dodging        | |  1.5
Stealth        | |  2.1
Spellcasting   | |  2.8
Transmutations | |  0.7

Action                   || total
-------------------------++-------
Melee: Club              ||    11
       Short sword       ||     1
 Cast: Sandblast         ||    38
  Use: Scroll            ||     2
 Stab: Sleeping          ||     3
  Eat: Chunk             ||     1
Armor: Robe              ||     6
Dodge: Dodged            ||    21
